Map: Blackpink LE

Players

TRUE - Winner!

  • Race: Zerg Zerg
  • Spawn Location: 1:00

uThermal

  • Race: Terran Terran
  • Spawn Location: 7:00

Event: IEM Season 12 - Katowice

VOD

Have the link to the VOD?

Description

Time

  • Played on: March 1, 2018, 2:16 p.m.
  • Length: 16:36

All games in this series

Show
View Real Time Build Order
Export as new Build Order

TRUE Zerg - Winner!

Build Orders: Hatch First, Roach Hydra 

Get SALT Encoding   

  12  0:00  Drone  
  13  0:13  Overlord  
  13  0:16  Drone  
  14  0:31  Drone x2  
  17  0:35  Drone  
  17  0:51  Hatchery  
  17  0:54  Drone  
  17  1:08  Spawning Pool  
  16  1:12  Extractor  
  16  1:13  Drone  
  16  1:17  Drone  
  17  1:20  Drone  
  18  1:28  Drone  
  19  1:39  Overlord  
  19  1:55  Queen  
  19  1:56  Zergling x2  
  19  2:00  Zergling x2  
  23  2:02  Queen  
  23  2:03  Drone  
  26  2:11  Metabolic Boost  
  26  2:13  Zergling x2  
  26  2:15  Drone  
  28  2:22  Drone  
  29  2:25  Drone  
  30  2:31  Queen  
  30  2:33  Drone  
  30  2:36  Spore Crawler  
  32  2:45  Drone  
  32  2:46  Overlord  
  32  2:47  Queen  
  36  3:04  Drone  
  36  3:05  Drone x5  
  42  3:08  Drone  
  42  3:09  Drone  
  44  3:15  Overlord  
  44  3:33  Hatchery  
  43  3:37  Zergling x4  
  43  3:38  Zergling x2  
  46  3:47  Drone  
  46  3:48  Drone x3  
  50  3:49  Drone x2  
  50  3:50  Overlord  
  52  3:56  Overlord  
  52  4:03  Overlord  
  52  4:07  Queen  
  52  4:08  Zergling x2  
  52  4:09  Queen, Zergling x4  
  57  4:21  Zergling x4  
  56  4:30  Drone x2  
  58  4:31  Drone x3  
  58  4:32  Drone  
  58  4:37  Drone  
  61  4:41  Drone x2, Overlord  
  61  4:42  Drone  
  64  4:47  Drone  
  64  4:48  Drone  
  64  4:51  Drone  
  64  4:52  Queen  
  69  4:56  Drone x2  
  69  4:59  Evolution Chamber  
  70  5:03  Drone  
  70  5:04  Lair  
  70  5:06  Extractor x2  
  69  5:07  Drone x2  
  69  5:08  Roach Warren  
  70  5:14  Drone  
  70  5:17  Spine Crawler  
  70  5:19  Overlord  
  70  5:20  Drone  
  71  5:24  Drone  
  71  5:25  Drone x3, Zerg Missile Weapons Level 1  
  75  5:34  Drone x2, Overlord  
  75  5:35  Drone x3  
  80  5:42  Extractor  
  79  5:43  Drone  
  79  5:45  Drone  
  79  5:46  Hatchery  
  80  5:52  Roach x3  
  80  5:53  Roach  
  80  5:54  Roach x3  
  80  5:56  Roach x2  
  97  5:58  Overlord  
  97  6:00  Overlord  
  97  6:02  Overlord  
  97  6:03  Glial Reconstitution  
  97  6:04  Overlord  
  97  6:05  Overlord  
  97  6:07  Extractor  
  97  6:09  Overlord  
  96  6:13  Overlord  
  96  6:15  Overlord  
  96  6:22  Roach x5  
  96  6:23  Roach x2  
  102  6:29  Roach  
  97  6:35  Drone x6  
  97  6:37  Drone  
  97  6:38  Infestation Pit  
  100  6:40  Queen  
  102  6:52  Drone x6  
  108  6:55  Overlord  
  108  6:57  Overlord  
  108  7:01  Overlord  
  108  7:08  Queen  
  108  7:11  Drone, Extractor  
  108  7:12  Drone x7  
  117  7:16  Hive, Overlord  
  117  7:18  Roach x2  
  121  7:23  Zerg Missile Weapons Level 2  
  121  7:29  Roach x3  
  131  7:30  Roach x3  
  131  7:31  Hydralisk Den  
  131  7:33  Extractor  
  131  7:39  Roach x4  
  131  7:43  Drone x3  
  142  7:48  Overlord  
  142  7:52  Roach x4  
  142  7:53  Roach x4  
  142  7:54  Roach x2  
  162  7:59  Drone x3  
  162  8:03  Grooved Spines  
  165  8:07  Hydralisk x5  
  165  8:08  Hydralisk  
  165  8:09  Extractor  
  165  8:11  Hydralisk  
  165  8:12  Hydralisk  
  180  8:20  Hydralisk  
  180  8:22  Drone, Hydralisk  
  180  8:25  Hatchery  
  180  8:26  Hydralisk x2  
  184  8:32  Spine Crawler  
  187  8:34  Spine Crawler  
  187  8:37  Viper  
  189  8:42  Viper  
  191  8:51  Viper  
  193  9:03  Viper  
  193  9:07  Spine Crawler  
  195  9:16  Muscular Augments  
  195  9:21  Roach x2  
  195  9:23  Roach x2  
  198  9:26  Hatchery  
  198  9:27  Drone x5  
  198  9:28  Drone x3  
  196  9:43  Zerg Missile Weapons Level 3  
  196  9:47  Drone x2  
  198  9:57  Drone x2  
  198  9:59  Spire  
  199  10:03  Roach  
  199  10:06  Roach x3  
  198  10:13  Drone  
  199  10:15  Spine Crawler  
  199  10:16  Roach x2  
  199  10:17  Spine Crawler  
  199  10:19  Roach  
  199  10:21  Overlord  
  195  10:45  Roach x2  
  195  10:47  Roach  
  174  10:57  Hydralisk x5  
  157  10:58  Hydralisk x4, Viper  
  157  10:59  Hydralisk x9  
  157  11:03  Roach x3  
  200  11:10  Roach x5  
  194  11:13  Roach  
  162  11:21  Roach  
  162  11:22  Roach x6  
  162  11:24  Roach x2  
  178  11:27  Hatchery  
  178  11:31  Roach x4, Hydralisk x4  
  186  11:36  Hydralisk x2  
  184  11:41  Roach  
  184  11:42  Roach  
  184  11:43  Roach  
  184  11:44  Roach  
  184  11:47  Roach x2  
  189  11:51  Hydralisk  
  191  11:56  Hydralisk x4  
  191  12:00  Hydralisk x3  
  199  12:02  Roach, Hydralisk  
  199  12:06  Hatchery  
  199  12:07  Hydralisk x2  
  200  12:13  Roach x2  
  200  12:19  Roach  
  200  12:20  Roach  
  200  12:21  Roach x2  
  200  12:22  Roach x2  
  186  12:23  Roach x2  
  186  12:24  Roach, Hydralisk x2  
  186  12:25  Hydralisk  
  186  12:29  Zerg Ground Armor Level 1  
  176  12:33  Viper  
  176  12:34  Drone  
  172  12:38  Roach  
  172  12:41  Roach x2  
  172  12:43  Roach  
  180  12:46  Drone  
  180  12:50  Roach  
  183  12:53  Viper  
  186  13:00  Spine Crawler  
  186  13:01  Spine Crawler  
  186  13:03  Roach x3  
  186  13:04  Roach, Viper  
  195  13:10  Roach x2  
  195  13:20  Roach x2  
  199  13:39  Drone  
  200  13:53  Spine Crawler  
  200  13:54  Hatchery  
  200  13:55  Roach  
  194  14:20  Drone x3  
  197  14:27  Zerg Flyer Weapons Level 1  
  197  14:29  Drone x2  
  199  14:36  Spine Crawler  
  198  14:39  Drone  
  194  14:59  Drone x3  
  197  15:00  Viper  
  197  15:10  Viper  
  197  15:13  Spine Crawler x2  
  198  15:15  Spine Crawler  
  194  15:23  Viper x2  
  200  15:31  Evolution Chamber  
  200  15:34  Evolution Chamber  
  194  15:36  Evolution Chamber  
  186  15:47  Roach x2  
  186  15:48  Roach x5  
  190  15:52  Roach x11  
  190  15:53  Roach x4  
  190  15:54  Roach x3  
  190  15:56  Roach  
  188  15:57  Roach x6  
  188  15:58  Roach  
  190  16:12  Hydralisk x2  
Show
View Real Time Build Order
Export as new Build Order

uThermal Terran 

Build Orders: Gas First Reaper Expand, Hellion Opening, Reaper Expand, Mech 

Get SALT Encoding   

  12  0:01  SCV  
  13  0:13  SCV  
  14  0:17  Supply Depot  
  14  0:25  SCV  
  14  0:27  Refinery  
  15  0:38  SCV  
  16  0:44  Barracks  
  16  0:50  SCV  
  17  1:02  SCV  
  18  1:15  SCV  
  19  1:31  Reaper, Orbital Command  
  20  1:42  Command Center  
  20  1:53  Factory  
  20  1:57  SCV  
  21  2:05  Barracks Reactor  
  21  2:09  SCV  
  21  2:14  Supply Depot  
  22  2:18  Refinery  
  22  2:21  SCV  
  23  2:35  SCV  
  24  2:48  SCV  
  24  2:49  Hellion x2  
  24  2:50  Marine  
  30  2:51  Armory  
  26  2:58  Orbital Command  
  30  3:00  SCV  
  31  3:10  Hellion  
  31  3:12  Hellion  
  35  3:15  SCV  
  36  3:25  SCV  
  37  3:27  SCV  
  37  3:31  Hellion  
  37  3:33  Hellion  
  42  3:37  Supply Depot, SCV  
  42  3:39  SCV  
  44  3:42  Terran Vehicle Weapons Level 1  
  44  3:49  SCV  
  45  3:59  Cyclone x2  
  45  4:02  SCV  
  52  4:03  Supply Depot  
  52  4:04  SCV  
  53  4:14  SCV  
  54  4:19  Hellion x2  
  54  4:20  SCV  
  52  4:26  SCV  
  53  4:31  Hellion x2  
  53  4:34  Command Center  
  53  4:35  SCV  
  52  4:38  SCV  
  53  4:47  SCV  
  53  4:50  SCV, Armory  
  54  4:53  Hellion  
  54  4:54  Hellion x2, Refinery  
  54  4:55  Refinery  
  54  4:57  Supply Depot  
  54  4:59  SCV  
  59  5:06  SCV  
  60  5:08  Supply Depot  
  60  5:11  SCV  
  61  5:18  SCV  
  61  5:19  Hellion x2  
  66  5:23  Factory x2  
  66  5:24  Barracks Tech Lab  
  66  5:25  SCV  
  67  5:28  Hellion x3  
  67  5:31  Supply Depot, SCV  
  68  5:41  Hellion x2, Terran Vehicle Weapons Level 2  
  72  5:43  SCV  
  72  5:46  Terran Vehicle And Ship Armor Level 1  
  71  5:51  Orbital Command  
  71  5:57  Supply Depot  
  71  5:58  SCV x2  
  71  6:03  Hellion x2  
  77  6:04  Barracks Tech Lab  
  77  6:10  SCV  
  78  6:12  SCV  
  78  6:17  SCV  
  80  6:21  Thor  
  80  6:22  SCV  
  80  6:24  SCV  
  84  6:30  Orbital Command  
  84  6:32  Hellion  
  75  6:35  SCV  
  75  6:38  Siege Tank  
  74  6:41  SCV  
  74  6:42  Hellion  
  74  6:43  Infernal Pre-Igniter, Factory  
  74  6:44  Factory  
  75  6:49  SCV  
  76  6:56  Engineering Bay  
  76  6:57  Refinery  
  76  7:00  Refinery  
  76  7:01  SCV  
  76  7:04  SCV, Siege Tank  
  76  7:07  SCV  
  82  7:10  Hellion  
  82  7:11  Hellion, Siege Tank  
  82  7:13  SCV  
  90  7:16  SCV  
  90  7:19  SCV  
  90  7:21  Supply Depot, Smart Servos  
  90  7:25  SCV  
  90  7:27  Missile Turret  
  90  7:28  SCV  
  90  7:29  Missile Turret  
  92  7:30  Factory Tech Lab, Factory Reactor  
  92  7:31  SCV  
  92  7:33  Cyclone  
  92  7:37  Cyclone  
  99  7:39  Siege Tank  
  99  7:41  SCV x2  
  104  7:45  Hellion  
  104  7:48  Hellion x4  
  104  7:50  Hellion  
  104  7:51  Supply Depot  
  108  7:59  Terran Vehicle Weapons Level 3  
  108  8:05  Hellion  
  109  8:06  Terran Vehicle And Ship Armor Level 2, Supply Depot, Siege Tank  
  109  8:08  Hellion x2  
  109  8:11  SCV  
  117  8:14  Supply Depot  
  117  8:15  SCV x2, Hellion  
  117  8:19  Supply Depot  
  121  8:21  Hellion  
  121  8:26  Starport  
  123  8:28  Siege Tank  
  123  8:29  Hellion x2  
  130  8:38  Supply Depot  
  130  8:41  Command Center  
  130  8:46  Siege Tank  
  130  8:47  Hellion x2  
  135  8:53  Supply Depot, Hellion  
  137  8:59  Hellion, Siege Tank  
  142  9:04  Starport Reactor  
  142  9:05  Hellion  
  142  9:08  Hellion  
  141  9:13  Hellion  
  141  9:19  Supply Depot x2, Siege Tank  
  141  9:21  Hellion  
  144  9:24  Hellion  
  144  9:26  Siege Tank  
  144  9:29  Hellion  
  144  9:31  Siege Tank  
  152  9:34  Hellion  
  150  9:40  Viking x2  
  150  9:42  Hellion  
  154  9:57  Siege Tank  
  154  9:58  Hellion x2, Siege Tank  
  164  10:05  Siege Tank  
  164  10:06  Hellion  
  161  10:10  Viking x2  
  161  10:11  Hellion  
  167  10:17  SCV x2  
  167  10:18  SCV  
  168  10:22  Hellion  
  168  10:27  Sensor Tower  
  168  10:28  Hellion  
  172  10:29  Siege Tank, Refinery x2  
  172  10:30  Siege Tank  
  172  10:32  Planetary Fortress  
  178  10:36  Hellion  
  178  10:42  Hellion x12  
  171  10:47  Viking x2  
  171  10:48  Hellion  
  154  10:51  Hellion  
  154  10:53  Hellion  
  152  11:01  Hellion  
  144  11:07  SCV x2  
  133  11:12  Hellion  
  133  11:15  Hellion x2  
  135  11:22  Viking  
  135  11:24  Viking  
  139  11:27  Hellion  
  139  11:29  Siege Tank  
  144  11:33  Hellion  
  144  11:39  Siege Tank  
  151  11:40  Hellion  
  151  11:42  Hellion  
  153  11:51  Hellion  
  153  11:52  Viking  
  153  11:53  Hellion  
  159  11:54  Viking  
  159  11:55  Hellion  
  160  12:01  Hellion  
  160  12:02  Siege Tank  
  160  12:08  Hellion  
  131  12:23  Hellion x3  
  131  12:24  Hellion  
  131  12:29  Hellion  
  118  12:33  Thor  
  118  12:34  Hellion  
  118  12:36  SCV  
  126  12:39  SCV  
  126  12:41  SCV  
  128  12:48  Hellion  
  128  12:49  SCV  
  128  12:51  SCV  
  132  12:55  Supply Depot  
  132  12:59  Supply Depot  
  132  13:04  SCV  
  133  13:09  Supply Depot  
  133  13:16  SCV x3, Siege Tank  
  133  13:17  Hellion  
  139  13:20  Hellion  
  139  13:23  Hellion  
  139  13:26  Viking  
  143  13:29  Viking  
  141  13:35  Siege Tank  
  141  13:40  Terran Vehicle And Ship Armor Level 3  
  144  13:45  Hellion  
  144  13:46  Hellion  
  148  13:49  Hellion, Orbital Command  
  148  13:53  Hellion  
  148  13:54  Hellion  
  152  13:57  Hellion  
  151  14:12  Supply Depot  
  151  14:13  Supply Depot  
  151  14:28  Supply Depot  
  151  14:34  Viking, Hellion x2  
  151  14:37  Hellion  
  157  14:39  Hellion  
  157  14:43  Hellion  
  157  14:45  Siege Tank  
  156  14:50  Siege Tank  
  156  14:52  Supply Depot  
  159  14:56  Hellion  
  161  15:01  Sensor Tower  
  161  15:04  Siege Tank  
  161  15:13  Supply Depot, Viking x2  
  163  15:17  Siege Tank  
  166  15:21  Hellion  
  166  15:24  Siege Tank  
  166  15:25  Hellion  
  169  15:31  Supply Depot  
  167  15:37  Hellion, Siege Tank  
  167  15:42  Hellion  
  172  15:43  Hellion  
  172  15:46  Hellion  
  172  15:49  Hellion  
  154  15:57  Hellion  
  154  15:59  Hellion  
  154  16:03  Hellion  
  160  16:04  Hellion  
  160  16:07  Hellion  
  160  16:10  Hellion  

Tags
 
Add a new tag
Caveats
  • Supply blocks, unpowered buildings, or Contaminate may cause inaccurate times.
  • Supply counts are checked every 10 seconds.